 Dungeon Crawl Stone Soup version 0.28-a0-1518-gbe868bca14 (webtiles) character file.

Game seed: 11705333577661208683

52 chunkyMonkey the Shield-Bearer (level 4, 0/37 HPs)
             Began as a Formicid Fighter on Jan 16, 2022.
             Succumbed to an adder's poison
             ... on level 2 of the Dungeon.
             The game lasted 00:01:31 (2459 turns).

chunkyMonkey the Shield-Bearer (Formicid Fighter)   Turns: 2459, Time: 00:01:32

Health: 0/37       AC:  7    Str: 23    XL:     4   Next: 8%
Magic:  5/5        EV:  9    Int:  7    God:
Gold:   17         SH:  4    Dex: 10    Spells: 4/4 levels left

rFire   . . .      SeeInvis +   a - +0 war axe
rCold   . . .      Faith    .   c - +0 buckler
rNeg    . . .      Spirit   .   b - +0 scale mail
rPois   .          Reflect  .   (helmet unavailable)
rElec   .          Harm     .   (no cloak)
rCorr   .          Rampage  .   (no gloves)
Will    +....                   (no boots)
Stlth   ..........              (no amulet)
HPRegen 0.12/turn               h - ring of willpower
MPRegen 0.09/turn               (no ring)

@: mighty, lethally poisoned (0 -> -4)
A: permanent stasis, dig shafts and tunnels, antennae 3, four strong arms
a: Dig, Shaft Self


You were on level 2 of the Dungeon.
You visited 1 branch of the dungeon, and saw 2 of its levels.

You collected 17 gold pieces.

Inventory:

Hand Weapons
 a - a +0 war axe (weapon)
 f - a +2 dagger of draining
Missiles
 g - 3 atropa-tipped darts
Armour
 b - a +0 scale mail (worn)
 c - a +0 buckler (worn)
Jewellery
 h - a ring of willpower (left hand)
Scrolls
 e - a scroll of torment {unknown}


   Skills:
 * Level 3.8 Fighting
 * Level 2.4 Axes
 * Level 3.7 Armour
 * Level 4.2 Shields
 + Level 0.8 Spellcasting


You had 4 spell levels left.
You didn't know any spells.
Your spell library was empty.

Dungeon Overview and Level Annotations

Branches:
Dungeon (2/15)

Altars:


Innate Abilities, Weirdness & Mutations

You cannot be hasted, slowed, berserked, paralysed or teleported.
You can dig through walls and to a lower floor.
You have a pair of large antennae on your head. (SInv)
Your four strong arms can wield two-handed weapons with a shield.


Message History

Things that are here:
a +0 club; a goblin corpse You barely miss the adder.
The adder bites you. The adder completely misses you.
You closely miss the adder. The adder bites you. x2
You are poisoned.
The adder poisons you!
You slash the adder!
The adder is severely wounded.
You feel sick.
The adder bites you but does no damage. x2
You closely miss the adder.
The adder is severely wounded.
You feel sick. The adder bites you.
You are more poisoned.
The adder poisons you!
You miss the adder.
The adder is severely wounded.
You feel very sick.
The adder bites you but does no damage. x2
You barely miss the adder.
The adder is severely wounded.
You feel sick. The adder bites you.
* * * LOW HITPOINT WARNING * * *
You are lethally poisoned!
The adder poisons you! The adder bites you.
* * * LOW HITPOINT WARNING * * *
Okay, then.
You hit the adder.
You kill the adder!
* * * LOW HITPOINT WARNING * * *
You feel sick.
You have reached level 4!
You feel stronger.
You feel very mighty all of a sudden.
* * * LOW HITPOINT WARNING * * *
You feel sick.
There is a lethal amount of poison in your body!
* * * LOW HITPOINT WARNING * * *
You feel sick.
You die...

#. ...#
#.#####...
...#.......
.........## #
#<..# #
.#..##..#.#
.........#.#
#.#.####.#.#
.......@..####
##.$.........#
#.###†)..##.#
# #....# #
#.......
#.......#
#.......#
#####.#.# ..$#


There were no monsters in sight!

Vanquished Creatures
  2 adders (D:2)
  A dart slug (D:1)
  2 endoplasms (D:1)
  3 giant cockroaches (D:1)
  2 goblins
  4 hobgoblins (D:1)
  7 jackals (D:1)
  A quokka (D:1)
  A ball python (D:1)
  A bat (D:1)
  A frilled lizard (D:1)
  4 rats (D:1)
29 creatures vanquished.

Notes
Turn   | Place    | Note
-------+----------+-------------------------------------------
     0 | D:1      | chunkyMonkey the Formicid Fighter began the quest for the
                  | Orb.
     0 | D:1      | Reached XP level 1. HP: 18/18 MP: 1/1
   743 | D:1      | Reached XP level 2. HP: 24/24 MP: 2/2
  1355 | D:1      | Reached XP level 3. HP: 9/29 MP: 3/3
  1358 | D:1      | Reached skill level 4 in Shields
  2184 | D:1      | Found a faded altar of an unknown god.
  2457 | D:2      | Reached XP level 4. HP: 3/37 MP: 5/5
  2458 | D:2      | HP: 1/37 [poisoned by an adder]
  2459 | D:2      | Succumbed to an adder's poison

Illustrated notes

Levels and vault maps discovered:
D:1:      dpeg_arrival_simpleton_b, layout_loops_ring,
          shapermc_ecumenical_altar_mp_highgroup
D:2:      layout_basic, serial_glass, glass_columns_a, glass_columns_b

Skill      XL: |  1  2  3 |
---------------+----------+-----
Shields        | 4 |  4.2
Fighting       | |  3.8
Axes           | |  2.4
Armour         | |  3.7
Spellcasting   | |  0.8

Action                   |  1- 3 |  4- 6 || total
-------------------------+-------+-------++-------
Melee: War axe           |    80 |       ||    80
  Use: Potion            |       |     1 ||     1
Armor: Scale mail        |    48 |       ||    48
Dodge: Dodged            |    33 |       ||    33
Block: Buckler           |    17 |       ||    17

Table legend: (Time is in decaauts)
 A = Elapsed time spent in this place.
 B = Non-inter-level travel time spent in this place.
 C = Inter-level travel time spent in this place.
 D = Time resting spent in this place.
 E = Time spent auto-exploring this place.
 F = Levels seen in this place.
 G = Mean time per level.
                   A        B        C        D        E       F      G
               +--------+--------+--------+--------+--------+-----+--------+
         Total |   2491 |   2451 |     40 |   1375 |    877 |   2 | 1245.5 |
       Dungeon |   2491 |   2451 |     40 |   1375 |    877 |   2 | 1245.5 |
               +--------+--------+--------+--------+--------+-----+--------+

Top non-repeatable levels by time:
     D:1: 2343 daAuts
     D:2: 147 daAuts
